 Dungeon Crawl Stone Soup version 0.20.0-15-g7f486f2 (webtiles) character file.

106 vishdafish the Shield-Bearer (level 4, -7/29 HPs)
             Began as a Gargoyle Fighter on June 26, 2017.
             Killed by divine providence
             ... invoked by an orc priest
              (14 damage)
             ... on level 3 of the Dungeon.
             The game lasted 00:03:17 (1791 turns).

vishdafish the Shield-Bearer (Gargoyle Fighter)     Turns: 1791, Time: 00:03:18

Health: -7/29      AC: 10    Str: 20    XL:     4   Next: 84%
Magic:  4/4        EV:  7    Int:  8    God:
Gold:   116        SH:  9    Dex: 10    Spells: 3/3 levels left

rFire    . . .     SeeInvis .   a - +0 flail
rCold    . . .     Gourm    .   c - +0 shield
rNeg     + . .     Faith    .   b - +0 scale mail
rPois    ∞         Spirit   .   (no helmet)
rElec    +         Reflect  .   (no cloak)
rCorr    .         Harm     .   (no gloves)
MR       .....                  (no boots)
Stlth    ..........             (no amulet)
Regen    0.1/turn               h - ring of loudness
MPRegen  0.1/turn               (no ring)

@: no status effects
A: negative energy resistance 1, electricity resistance, unbreathing,
petrification resistance, rot immunity, AC +3
a: no special abilities


You were on level 3 of the Dungeon.
You were not hungry.

You visited 1 branch of the dungeon, and saw 4 of its levels.

You collected 116 gold pieces.

Inventory:

Hand Weapons
 a - a +0 flail (weapon)
Armour
 b - a +0 scale mail (worn)
 c - a +0 shield (worn)
Jewellery
 h - a ring of loudness (left hand)
Scrolls
 g - 2 scrolls of fear
 i - 2 scrolls of magic mapping
 j - a scroll of immolation
 p - a scroll of enchant armour {unknown}
 u - a scroll of recharging {unknown}
Potions
 d - a potion of might
 k - a potion of haste
 l - a potion of agility {unknown}
 m - a potion of lignification {unknown}
 o - a potion of brilliance {unknown}
 q - 2 potions of curing {unknown}
 t - a potion of cancellation {unknown}
Comestibles
 f - 2 bread rations
 r - a royal jelly
 s - 2 fruits


   Skills:
 + Level 4.0 Fighting
 + Level 3.1 Maces & Flails
 + Level 3.6 Armour
 + Level 1.0 Dodging
 + Level 4.1 Shields


You had 3 spell levels left.
You didn't know any spells.

Dungeon Overview and Level Annotations

Branches:
Dungeon (4/15)
 Temple: D:4-7

Altars:


Innate Abilities, Weirdness & Mutations

You are resistant to torment.
Your stone body is resilient. (AC +3)
You are immune to poison.
You resist negative energy. (rN+)
You are resistant to electric shocks. (rElec)
You can survive without breathing.
You are immune to petrification.
You are immune to rotting.


Message History

The orc priest invokes the aid of Beogh against you.
Beogh smites you!
You hit the orc priest but do no damage.
The orc hits you but does no damage. The orc priest hits you with a war axe.
You hit the orc priest.
The orc priest is moderately wounded.
You block the orc's attack. The orc priest hits you with a war axe.
The orc barely misses you.
You barely miss the orc priest.
The orc priest is moderately wounded.
The orc priest mumbles some strange prayers to Beogh against you.
Pain shoots through your body!
* * * LOW HITPOINT WARNING * * *
The orc closely misses you. You block the orc priest's attack.
You sock the orc priest!
The orc priest is severely wounded.
The orc closely misses you.
The orc priest mumbles some strange prayers to Beogh against you.
Beogh smites you!
You die...

#### ...#
#####+####
...###........####
.....'........'o@#
....##........##o#
....######+##.##.#
##### #.##.#
##.##.# #.....#
#..#######
#.........
#..##########


You could see an orc priest and an orc.

Vanquished Creatures
  5 adders
  4 worms (D:2)
  2 dart slugs
  2 leopard geckos
  3 orcs
  10 goblins
  3 hobgoblins
  5 bats
  2 frilled lizards (D:1)
  5 kobolds
  7 rats
48 creatures vanquished.

Notes
Turn   | Place    | Note
-------+----------+-------------------------------------------
     0 | D:1      | vishdafish the Gargoyle Fighter began the quest for the Orb.
     0 | D:1      | Reached XP level 1. HP: 14/14 MP: 1/1
   139 | D:1      | Reached XP level 2. HP: 18/19 MP: 2/2
   600 | D:2      | Reached XP level 3. HP: 23/23 MP: 3/3
   943 | D:2      | Reached XP level 4. HP: 25/29 MP: 4/4
  1506 | D:4      | Reached skill level 1 in Dodging
  1791 | D:3      | Killed from afar by an orc priest

Skill      XL: |  1  2  3  4 |
---------------+-------------+-----
Shields        | 4 |  4.1
Maces & Flails | 3 |  3.1
Dodging        | 1 |  1.0
Fighting       | 4 |  4.0
Armour         | |  3.6

Action                   |  1- 3 |  4- 6 || total
-------------------------+-------+-------++-------
Melee: Flail             |   134 |   115 ||   249
  Use: Scroll            |       |     5 ||     5
  Eat: Meat ration       |       |     1 ||     1
Armor: Scale mail        |    84 |    78 ||   162
Dodge: Dodged            |    58 |    40 ||    98
Block: Shield            |    83 |    73 ||   156
